 Dungeon Sprint DCSS version 0.30-a0-777-ga9a30cbeda (webtiles) character file.

Game seed: 10488095240197255913

5585 sircluck the Severer (level 10, 0/105 HPs)
             Began as a Hill Orc Fighter on Feb 13, 2023.
             Killed from afar by a fire giant (14 damage)
             ... with a bolt of fire
             ... in the Dungeon (Sprint VII: "The Pits").
             The game lasted 00:05:29 (1741 turns).

sircluck the Severer (Hill Orc Fighter)             Turns: 1741, Time: 00:05:30

Health: 0/105      AC: 23    Str: 24    XL:     10   Next: 72%
Magic:  10/10      EV: 14    Int:  8    God:
Gold:   0          SH:  0    Dex: 10    Spells: 9/9 levels left

rFire   . . .      SeeInvis .    y - +1 broad axe (freeze)
rCold   . . .      Faith    .    c - +0 buckler
rNeg    . . .      Spirit   .    t - +2 plate armour
rPois   .          Reflect  .    C - +0 helmet
rElec   .          Harm     .    A - +0 cloak
rCorr   .          Rampage  .    B - +0 pair of gloves
Will    .....      NoTele   +    (no boots) Stlth
                                 (no amulet)
HPRegen 0.37/turn                w - +3 ring of evasion
MPRegen 0.12/turn                x - +3 ring of evasion

@: confused, weak-willed
A: no striking features
a: no special abilities


You were in the Dungeon.
You visited 1 branch

Inventory:

Hand Weapons
 a - a +0 war axe
 k - a +2 hand axe
 l - a +2 mace
 r - a +3 whip
 s - a +0 hand axe of freezing
 y - a +1 broad axe of freezing (weapon)
Missiles
 q - 14 stones (quivered)
 v - 8 poisoned darts
Armour
 b - a +0 scale mail
 c - a +0 buckler (worn)
 t - a +2 plate armour (worn)
 u - a +3 ring mail
 A - a +0 cloak (worn)
 B - a +0 pair of gloves (worn)
 C - a +0 helmet (worn)
 D - a +5 ring mail
Jewellery
 w - a +3 ring of evasion (left hand)
 x - a +3 ring of evasion (right hand)
Scrolls
 j - a scroll of blinking
 n - 5 scrolls of amnesia
 o - a scroll of summoning
 p - 2 scrolls of vulnerability
Potions
 d - 2 potions of might
 e - 5 potions of curing
 f - 4 potions of heal wounds
 g - a potion of haste
 h - 4 potions of magic
 i - 6 potions of berserk rage
 m - 2 potions of invisibility
 z - a potion of resistance


   Skills:
 + Level 15.1 Fighting
 + Level 19.8 Axes
 + Level 14.6 Armour
 + Level 2.2 Dodging
 + Level 1.1 Stealth
 + Level 9.0 Shields


You had 9 spell levels left.
You didn't know any spells.
Your spell library was empty.

Dungeon Overview and Level Annotations

Branches:
Dungeon (1/1)

Altars:
Ashenzari
Cheibriados
Dithmenos
Elyvilon
Fedhas
Gozag
Hepliaklqana
Kikubaaqudgha
Makhleb
Nemelex Xobeh
Okawaru
Qazlal
Ru
Sif Muna
Trog
Uskayaw
Vehumet
Wu Jian
Xom
Yredelemnul
Zin
The Shining One
Beogh
Jiyva
Lugonu


Message History

You block the phantasmal warrior's attack.
The gnoll barely misses you.
You feel much better. The hell hog bites you. You block the hell hog's attack.
The phantom hits you but does no damage.
The phantasmal warrior hits you but does no damage.
The gnoll hits you but does no damage.
You feel much better. The hell hog completely misses you.
The phantom hits you but does no damage.
You block the gnoll's attack.
The phantasmal warrior barely misses you.
You slash the hell hog! You freeze the hell hog.
You kill the hell hog!
You barely miss the phantasmal warrior. You hit the phantom.
You slash the gnoll! You freeze the gnoll.
You kill the gnoll!
You slash the phantasmal warrior! You freeze the phantasmal warrior.
You destroy the phantasmal warrior!
You slash the phantom!
You destroy the phantom!
You slash the adder simulacrum!
The adder simulacrum vaporises!
A fire giant comes into view.
It is wielding a +2 great sword of flaming.
Your Fighting skill increases to level 15!
Your Shields skill increases to level 9!
Really walk into that cloud of freezing vapour?
Okay, then.
The fire giant shouts!
You hear a shout! x2
The orc wizard casts a spell at you. You resist with some effort.
You hear a shout!
The fire giant gestures at you while chanting.
The bolt of fire hits you!!!
The fire giant gestures at you while chanting.
The fireball explodes!
The fireball engulfs you!!
* * * LOW HITPOINT WARNING * * *
The orc wizard gestures at you while chanting.
You are confused.
The fire giant gestures at you while chanting.
The bolt of fire hits you!
You die...

#....................''......
#..################..##..#...
#..##o# #..##...... #.†#.#
#..##...... #.[)# #..####++##
#..#.# #..# #..# .# #..#
#..################..#
#####.......C...@........#
__.##.......o............#
__.###########''##########
...###########''######
##'##................#
)'.##......#..#......#
##.##................+
....'................+
#####......#..#......#


You could see a fire giant and an orc wizard.

Vanquished Creatures
  A fire dragon (D)
  Erolcha (D)
  2 hell hogs (D)
  A phantasmal warrior (D)
  A bog body (D)
  A molten gargoyle (D)
  A hornet (D)
  3 jumping spiders (D)
  A fire bat (D)
  A basilisk (D)
  A wyvern (D)
  Menkaure (D)
  A floating eye (D)
  A wolf (D)
  2 phantoms (D)
  A kobold brigand (D)
  A necrophage (D)
  2 gnoll sergeants (D)
  A scorpion (D)
  A killer bee (D)
  A crimson imp (D)
  A gnoll bouda (D)
  An adder (D)
  12 gnolls (D)
  An adder simulacrum (D)
  A bat (D)
  3 endoplasms (D)
  A giant cockroach (D)
  A quokka (D)
  2 kobolds (D)
  A quokka skeleton (D)
50 creatures vanquished.

Notes
Turn   | Place    | Note
-------+----------+-------------------------------------------
     0 | D        | sircluck the Hill Orc Fighter began the quest for the Orb.
     0 | D        | Reached XP level 1. HP: 19/19 MP: 1/1
    32 | D        | Found a bloodstained altar of Trog.
    32 | D        | Found a shimmering blue altar of Sif Muna.
    32 | D        | Found a viscous altar of Jiyva.
    32 | D        | Found a hazy altar of Hepliaklqana.
    32 | D        | Found an opulent altar of Gozag.
    57 | D        | Found a glowing golden altar of the Shining One.
    57 | D        | Found a glowing silver altar of Zin.
    57 | D        | Found a basalt altar of Yredelemnul.
    57 | D        | Found a shimmering altar of Xom.
    57 | D        | Found an ornate altar of the Wu Jian Council.
    57 | D        | Found a sacrificial altar of Ru.
    57 | D        | Found a stormy altar of Qazlal.
    57 | D        | Found an iron altar of Okawaru.
    57 | D        | Found a sparkling altar of Nemelex Xobeh.
    57 | D        | Found a burning altar of Makhleb.
    57 | D        | Found a blossoming altar of Fedhas.
    57 | D        | Found a white marble altar of Elyvilon.
    57 | D        | Found a shadowy altar of Dithmenos.
    57 | D        | Found a snail-covered altar of Cheibriados.
    58 | D        | Found a radiant altar of Vehumet.
    58 | D        | Found a corrupted altar of Lugonu.
    58 | D        | Found a roughly hewn altar of Beogh.
    59 | D        | Found an ancient bone altar of Kikubaaqudgha.
    59 | D        | Found a hide-covered altar of Uskayaw.
    59 | D        | Found a broken altar of Ashenzari.
    97 | D        | Reached skill level 3 in Axes
   154 | D        | Noticed a scorpion
   157 | D        | Reached XP level 2. HP: 14/28 MP: 2/2
   172 | D        | Killed a scorpion
   173 | D        | Reached skill level 5 in Fighting
   173 | D        | Reached skill level 5 in Axes
   173 | D        | Reached skill level 5 in Armour
   173 | D        | Reached skill level 5 in Shields
   173 | D        | Reached XP level 3. HP: 6/37 MP: 3/3
   173 | D        | Reached XP level 4. HP: 7/44 MP: 4/4
   344 | D        | Noticed a gnoll sergeant
   344 | D        | Noticed a gnoll sergeant
   350 | D        | Noticed a necrophage
   361 | D        | Killed a gnoll sergeant
   362 | D        | Reached skill level 7 in Axes
   362 | D        | Reached XP level 5. HP: 19/51 MP: 5/5
   364 | D        | Noticed a wolf
   371 | D        | Reached skill level 9 in Axes
   373 | D        | Noticed a phantom
   379 | D        | Reached XP level 6. HP: 27/60 MP: 6/6
   396 | D        | Reached skill level 10 in Axes
   396 | D        | Reached skill level 1 in Dodging
   400 | D        | Reached skill level 11 in Axes
   413 | D        | Reached skill level 12 in Axes
   413 | D        | Reached XP level 7. HP: 21/69 MP: 7/7
   415 | D        | HP: 2/69 [gnoll/+0 spear[a gnoll sergeant] (5)]
   959 | D        | Noticed a fire bat
   973 | D        | Killed a fire bat
   974 | D        | Reached skill level 10 in Fighting
   974 | D        | Reached skill level 13 in Axes
   974 | D        | Reached skill level 10 in Armour
  1052 | D        | Noticed a jumping spider
  1052 | D        | Noticed a wyvern
  1057 | D        | Killed a wyvern
  1058 | D        | Reached skill level 14 in Axes
  1058 | D        | Reached XP level 8. HP: 68/80 MP: 8/8
  1072 | D        | Killed a jumping spider
  1322 | D        | Noticed a jumping spider
  1327 | D        | Killed a jumping spider
  1328 | D        | Reached skill level 15 in Axes
  1351 | D        | Noticed a bog body
  1351 | D        | Noticed a jumping spider
  1351 | D        | Noticed a molten gargoyle
  1354 | D        | Killed a jumping spider
  1357 | D        | Killed a bog body
  1358 | D        | Reached skill level 16 in Axes
  1358 | D        | Reached XP level 9. HP: 89/91 MP: 9/9
  1363 | D        | Killed a molten gargoyle
  1375 | D        | Noticed Menkaure
  1375 | D        | Noticed Erolcha
  1381 | D        | Killed Erolcha
  1382 | D        | Reached skill level 17 in Axes
  1387 | D        | Killed Menkaure
  1587 | D        | Noticed a hornet
  1593 | D        | Killed a hornet
  1616 | D        | Reached skill level 18 in Axes
  1616 | D        | Reached XP level 10. HP: 97/101 MP: 10/10
  1697 | D        | Noticed a hell hog
  1699 | D        | Noticed a fire dragon
  1702 | D        | Killed a hell hog
  1703 | D        | Reached skill level 1 in Stealth
  1705 | D        | Noticed a phantasmal warrior
  1707 | D        | Noticed a hell hog
  1718 | D        | Killed a fire dragon
  1719 | D        | Reached skill level 19 in Axes
  1724 | D        | Killed a hell hog
  1725 | D        | Killed a phantasmal warrior
  1725 | D        | Noticed a fire giant
  1726 | D        | Reached skill level 15 in Fighting
  1741 | D        | Killed from afar by a fire giant

Illustrated notes

Levels and vault maps discovered:
D:        pitsprint [storerooms_1, entrance_room_1, metal_vault_6, armoury_3,
          mini_pit_1, grid_room_1, main_hall_1, silver_pit, the_coven_3,
          the_vestibule_1, steel_vault_3, golden_pit, hallway_of_sentries,
          crystal_vault_2, iron_vault_5, final_vault]

Skill      XL: |  1  2  3  4  5  6  7  8  9 10 |
---------------+-------------------------------+-----
Fighting       | 4 5 6 7 8 10 12 13 15 | 15.1
Axes           | 3 5 7 9 12 14 16 18 19 | 19.8
Armour         | 4 5 6 7 9 10 11 13 14 | 14.6
Shields        | 5 6 7 8 9 |  9.0
Dodging        | 1 2 |  2.2
Stealth        | 1 |  1.1

Action                     |  1- 3 |  4- 6 |  7- 9 | 10-12 || total
---------------------------+-------+-------+-------+-------++-------
  Melee: War axe           |    24 |    60 |    65 |       ||   149
         Broad axe         |       |       |    34 |    23 ||    57
    Use: Potion            |       |     3 |     2 |     4 ||     9
 Armour: Scale mail        |    12 |       |       |       ||    12
         Plate armour      |       |    34 |    47 |    28 ||   109
  Dodge: Dodged            |    14 |     9 |    26 |    18 ||    67
  Block: Buckler           |     6 |    12 |    25 |    14 ||    57

Table legend: (Time is in decaauts)
 A = Elapsed time spent in this place.
 B = Non-inter-level travel time spent in this place.
 C = Inter-level travel time spent in this place.
 D = Time resting spent in this place.
 E = Time spent auto-exploring this place.
 F = Levels seen in this place.
 G = Mean time per level.
                   A        B        C        D        E       F      G
               +--------+--------+--------+--------+--------+-----+--------+
         Total |   1746 |   1625 |    121 |    970 |    119 |   1 | 1746.0 |
       Dungeon |   1746 |   1625 |    121 |    970 |    119 |   1 | 1746.0 |
               +--------+--------+--------+--------+--------+-----+--------+

Top non-repeatable levels by time:
       D: 1746 daAuts
